 Dungeon Crawl Stone Soup version 0.18.1-6-gd335043 (webtiles) character file.

140 manyhoops the Chopper (level 5, -3/41 HPs)
             Began as a Demonspawn Gladiator on May 15, 2016.
             Slain by a gnoll
             ... wielding a +0 halberd
              (6 damage)
             ... on level 2 of the Dungeon.
             The game lasted 00:02:48 (1825 turns).

manyhoops the Chopper (Demonspawn Gladiator)        Turns: 1825, Time: 00:02:49

Health: -3/41      AC:  8    Str: 17    XL:     5   Next: 2%
Magic:  5/5        EV:  8    Int:  9    God:
Gold:   71         SH:  0    Dex: 13    Spells: 0 memorised, 4 levels left

rFire  . . .     SeeInvis .     a - +0 war axe
rCold  . . .     Gourm    .     k - +0 chain mail
rNeg   . . .     Faith    .     (no shield)
rPois  .         Spirit   .     (helmet restricted)
rElec  .         Dismiss  .     (no cloak)
rCorr  .         Reflect  .     (no gloves)
SustAt .         Harm     .     (no boots)
MR     .....                    (no amulet)
Stlth  ..........               (no ring)
                                (no ring)

@: not resistant to hostile enchantments, extremely unstealthy
A: claws 1, horns 1, powered by death 1
a: no special abilities


You were on level 2 of the Dungeon.
You were very hungry.

You visited 1 branch of the dungeon, and saw 3 of its levels.

You collected 71 gold pieces.

Inventory:

Hand Weapons
 a - a +0 war axe (weapon)
Missiles
 d - 3 throwing nets (quivered)
Armour
 b - a +0 leather armour
 k - a +0 chain mail (worn)
Scrolls
 c - a scroll of noise {unknown}
 e - a scroll of recharging {unknown}
 p - a scroll of fear {unknown}
 r - a scroll of remove curse {unknown}
Potions
 g - a potion of flight {unknown}
 i - a potion of berserk rage {unknown}
 j - 3 potions of degeneration {unknown}
 m - a potion of haste {unknown}
 n - a potion of brilliance {unknown}
 o - a potion of agility {unknown}
 q - a potion of curing {unknown}
Books
 s - a book of Clouds

   Spells                             Type                      Level
   a - Mephitic Cloud                 Conjuration/Poison/Air       3
   b - Conjure Flame                  Conjuration/Fire             3
   c - Poisonous Cloud                Conjuration/Poison/Air       6
   d - Freezing Cloud                 Conjuration/Ice/Air          6
   e - Ring of Flames                 Charms/Fire                  7
Comestibles
 f - 3 bread rations
 h - a meat ration
 l - a beef jerky


   Skills:
 + Level 3.1 Fighting
 + Level 3.8 Axes
 - Level 1.7 Throwing
 + Level 2.4 Armour
 - Level 2.6 Dodging


You had 4 spell levels left.
You didn't know any spells.

Dungeon Overview and Level Annotations

Branches:
Dungeon (3/15)

Altars:
Vehumet
The Shining One


Innate Abilities, Weirdness & Mutations

You have sharp fingernails.
You have a pair of small horns on your head.
You regenerate a little health from kills.


Message History

Unknown command.
You hit the gnoll but do no damage. x2; The gnoll hits you with a halberd!
* * * LOW HITPOINT WARNING * * *
The gnoll hits you with a whip.
* * * LOW HITPOINT WARNING * * *
The gnoll hits you with a whip.
* * * LOW HITPOINT WARNING * * *
The gnoll hits you but does no damage.
Unknown command.
You are too injured to fight recklessly!
You hit the gnoll.
The gnoll is heavily wounded.
Your chain mail prevents you from hitting the gnoll.
The gnoll hits you but does no damage. The gnoll closely misses you.
You hit the gnoll. Your headbutt misses the gnoll.
The gnoll is heavily wounded.
You hit the gnoll.
The gnoll is moderately wounded.
The gnoll hits you but does no damage. The gnoll hits you with a halberd.
You die...

###### #....# #....#
#....#### #........
##########....###.
#@g..........÷)...
##########g########....###.
#........)....# #(.).# ##
#.............# #....#
#.........÷...# #....#
#.............# #....#
#.............# #....#
#.............# #....####
#.............# #........


You could see 2 gnolls.

Vanquished Creatures
  5 gnolls
  3 adders
  A worm (D:2)
  A dart slug (D:1)
  A giant gecko (D:2)
  2 orcs (D:3)
  3 ball pythons (D:2)
  4 bats
  4 giant cockroaches
  4 goblins
  11 hobgoblins
  6 jackals
  3 giant newts
  5 kobolds
  4 rats (D:1)
57 creatures vanquished.

Notes
Turn   | Place    | Note
--------------------------------------------------------------
     0 | D:1      | manyhoops the Demonspawn Gladiator began the quest for the Orb.
     0 | D:1      | Reached XP level 1. HP: 16/16 MP: 1/1
   196 | D:1      | Found a glowing golden altar of the Shining One.
   224 | D:1      | Gained mutation: You regenerate a little health from kills. [demonic ancestry]
   224 | D:1      | Reached XP level 2. HP: 20/23 MP: 2/2
   618 | D:1      | Reached skill level 1 in Armour
   976 | D:2      | Reached XP level 3. HP: 28/28 MP: 3/3
  1089 | D:2      | Gained mutation: You have a pair of small horns on your head. [demonic ancestry]
  1089 | D:2      | Reached XP level 4. HP: 27/34 MP: 4/4
  1565 | D:3      | Gained mutation: You have sharp fingernails. [demonic ancestry]
  1565 | D:3      | Reached XP level 5. HP: 25/41 MP: 5/5
  1672 | D:3      | Found a radiant altar of Vehumet.
  1825 | D:2      | Slain by a gnoll

Skill      XL: |  1  2  3  4 |
---------------+-------------+-----
Axes           | 3 |  3.8
Armour         | 1 2 |  2.4
Fighting       | 3 |  3.1
Throwing       | |  1.7
Dodging        | |  2.6

Action                   |  1- 3 |  4- 6 || total
-------------------------+-------+-------++-------
Melee: War axe           |   104 |    70 ||   174
       Headbutt          |       |    11 ||    11
  Use: Scroll            |       |     2 ||     2
  Eat: Chunk             |     1 |     1 ||     2
Armor: Ring mail         |    12 |       ||    12
       Leather armour    |     3 |       ||     3
       Chain mail        |    27 |    48 ||    75
Dodge: Dodged            |    65 |    40 ||   105
